 Dungeon Crawl Stone Soup version 0.29.0 (webtiles) character file.

Game seed: 14158411797229444063

181 gelatine the Chopper (level 5, -2/47 HPs)
             Began as a Minotaur Berserker on Aug 25, 2022.
             Was a Believer of Trog.
             Killed by divine providence
             ... invoked by an orc priest
              (14 damage)
             ... on level 3 of the Dungeon.
             The game lasted 00:06:39 (2606 turns).

gelatine the Chopper (Minotaur Berserker)           Turns: 2606, Time: 00:06:43

Health: -2/47      AC: 10    Str: 24    XL:     5   Next: 34%
Magic:  4/4        EV:  8    Int:  4    God:    Trog [**....]
Gold:   108        SH:  0    Dex:  9    Spells: 4/4 levels left

rFire   . . .      SeeInvis .   s - +0 war axe
rCold   . . .      Faith    .   (no shield)
rNeg    . . .      Spirit   .   t - +0 chain mail
rPois   .          Reflect  .   (helmet restricted)
rElec   .          Harm     .   (no cloak)
rCorr   .          Rampage  .   (no gloves)
Will    +++..                   q - +0 pair of boots
Stlth   ..........              (no amulet)
HPRegen 1.15/turn               h - ring of willpower
MPRegen 0.09/turn               (no ring)

@: lethally poisoned (-2 -> -9), strong-willed, regenerating
A: horns 2, retaliatory headbutt
a: Renounce Religion, Berserk, Trog's Hand


You were on level 3 of the Dungeon.
You worshipped Trog.
Trog was pleased with you.
You visited 1 branch of the dungeon, and saw 3 of its levels.

You collected 108 gold pieces.

Inventory:

Hand Weapons
 b - a +2 hand axe of holy wrath
 o - a +1 antimagic trident
 s - a +0 war axe (weapon)
Missiles
 e - 2 boomerangs (quivered)
Armour
 g - a +0 ring mail
 q - a +0 pair of boots (worn)
 t - a +0 chain mail (worn)
Jewellery
 h - a ring of willpower (left hand)
Scrolls
 a - a scroll of silence {unknown}
 c - a scroll of vulnerability {unknown}
 d - a scroll of immolation {unknown}
 f - 2 scrolls of identify {unknown}
 j - a scroll of enchant armour {unknown}
 m - a scroll of blinking {unknown}
 n - a scroll of enchant weapon {unknown}
 r - a scroll of butterflies {unknown}
Potions
 i - a potion of brilliance {unknown}
 k - 3 potions of curing {unknown}
 l - a potion of haste {unknown}
 p - a potion of heal wounds {unknown}


   Skills:
 * Level 4.6 Fighting
 * Level 5.7 Axes
 + Level 3.9 Armour
 + Level 2.6 Dodging


You had 4 spell levels left.
You didn't know any spells.
Your spell library was empty.

Dungeon Overview and Level Annotations

Branches:
Dungeon (3/15)

Altars:
Elyvilon


Innate Abilities, Weirdness & Mutations

You have a pair of horns on your head.
You reflexively headbutt those who attack you in melee.


Message History

The orc priest hits you but does no damage.
You are poisoned.
You barely miss the orc.
You feel very sick. The orc priest barely misses you.
The orc hits you but does no damage.
You hit the orc. Your punch misses the orc.
The orc is heavily wounded.
You feel sick.
The orc priest hits you but does no damage.
You are more poisoned.
The orc hits you but does no damage. The orc priest barely misses you.
The orc hits you but does no damage.
You hit the orc.
You kill the orc!
Trog accepts your kill.
You feel very sick.
The orc priest hits you but does no damage.
You are more poisoned.
You slash the orc!
You kill the orc!
Trog accepts your kill.
You feel very sick.
The orc priest hits you from afar with a +3 trident of venom.
You are more poisoned.
You barely miss the orc.
You feel extremely sick. The orc hits you but does no damage.
The orc priest hits you but does no damage.
You are lethally poisoned!
You hit the orc.
The orc is almost dead.
You feel extremely sick. The orc hits you with a +0 hand axe.
The orc priest closely misses you.
Your skin crawls.
You feel strong-willed.
You feel very sick. The orc hits you but does no damage.
The orc priest invokes the aid of Beogh against you.
Beogh smites you!
You die...

#.# #.......# #.###
#.......# #.#.##
#.......#
#..#.###.......#
##.###.##########
#...#..## ### #
#.##.#..## ##.. .#.##
#.##.#.#.#####.###......
#.##............@o....#
#.####.#.#####.###o####
#.......## ##.. #
######### ###


You could see an orc priest and an orc.

Vanquished Creatures
  An orc priest (D:3)
  Jessica (D:2)
  4 adders (D:2)
  2 worms (D:2)
  A dart slug (D:2)
  17 orcs
  6 ball pythons
  3 endoplasms
  A giant cockroach (D:2)
  3 hobgoblins
  5 bats
  5 frilled lizards
  7 goblins
  6 kobolds
  3 rats
65 creatures vanquished.

Notes
Turn   | Place    | Note
-------+----------+-------------------------------------------
     0 | D:1      | gelatine the Minotaur Berserker began the quest for the
                  | Orb.
     0 | D:1      | Reached XP level 1. HP: 19/19 MP: 0/0
  1087 | D:2      | Reached XP level 2. HP: 23/27 MP: 1/1
  1143 | D:2      | Reached skill level 4 in Axes
  1243 | D:2      | Found Jomoum's Weapon Shop.
  1348 | D:2      | Reached XP level 3. HP: 19/33 MP: 2/2
  1648 | D:2      | Found a faded altar of an unknown god.
  1662 | D:2      | Noticed Jessica
  1668 | D:2      | Killed Jessica
  1669 | D:2      | Reached XP level 4. HP: 29/41 MP: 3/3
  2036 | D:2      | Found a white marble altar of Elyvilon.
  2301 | D:3      | Reached skill level 5 in Axes
  2488 | D:3      | Reached ** piety under Trog
  2493 | D:3      | Reached XP level 5. HP: 47/47 MP: 4/4
  2606 | D:3      | Killed from afar by an orc priest

Illustrated notes

Levels and vault maps discovered:
D:1:      psy_arrival_wood_between_worlds, layout_basic
D:2:      layout_loops_ring, hellmonk_ecumenical_altar_defaced_shrine,
          serial_shops, nicolae_shop_bloodbath_and_beyond, basic_altar,
          minmay_pentomino_w4, uniq_jessica
D:3:      layout_loops_cross

Skill      XL: |  1  2  3  4 |
---------------+-------------+-----
Fighting       | 4 |  4.6
Axes           | 4 5 |  5.7
Armour         | 3 |  3.9
Dodging        | |  2.6

Action                   |  1- 3 |  4- 6 || total
-------------------------+-------+-------++-------
Melee: Hand axe          |    61 |    29 ||    90
       Headbutt          |    10 |     7 ||    17
       War axe           |       |    27 ||    27
Invok: Berserk           |     1 |     2 ||     3
       Trog's Hand       |       |     1 ||     1
Armor: Ring mail         |    20 |    15 ||    35
       Animal skin       |     2 |       ||     2
       Chain mail        |       |    11 ||    11
Dodge: Dodged            |    30 |    26 ||    56
